Map: Dusk Towers

Players

capac - Winner!

  • Race: Terran Terran
  • League: Gold

jolow

  • Race: Terran Terran
  • League: Gold

VOD

Have the link to the VOD?

Description

Time

  • Played on: April 17, 2016, 12:55 p.m.
  • Length: 12:33
Show
View Real Time Build Order
Export as new Build Order

capac Terran - Winner!

Build Orders: MMM Bio 

Get SALT Encoding   

  12  0:00  SCV  
  13  0:12  SCV  
  14  0:18  Supply Depot  
  14  0:26  SCV  
  15  0:40  SCV  
  16  0:45  Barracks  
  16  0:49  Refinery  
  16  0:53  SCV  
  17  1:05  SCV  
  18  1:17  SCV  
  20  1:35  Orbital Command  
  20  1:36  Reaper  
  20  1:42  Command Center  
  20  1:48  Supply Depot  
  20  2:01  SCV  
  20  2:08  Marine  
  22  2:13  SCV  
  22  2:14  Factory  
  23  2:25  Refinery  
  23  2:26  SCV  
  23  2:29  Barracks  
  24  2:38  SCV  
  24  2:55  Bunker  
  24  2:58  Factory Tech Lab  
  24  3:02  Bunker  
  24  3:04  Engineering Bay  
  24  3:05  SCV  
  25  3:06  Orbital Command  
  25  3:09  Marine  
  26  3:17  Marine  
  26  3:19  Siege Tank  
  30  3:27  Marine, SCV  
  31  3:40  SCV  
  31  3:41  Marine  
  32  3:45  Marine  
  34  3:50  SCV  
  35  3:59  SCV  
  35  4:02  SCV  
  37  4:04  Barracks Tech Lab  
  37  4:15  SCV x2  
  39  4:25  Starport  
  39  4:26  Marine  
  39  4:29  Marine  
  39  4:31  Stimpack  
  41  4:37  SCV x2  
  43  4:38  Refinery  
  43  4:43  Siege Tank  
  46  4:48  Supply Depot  
  46  4:53  Marine  
  46  4:57  SCV x2  
  49  5:02  Medivac  
  51  5:09  SCV, Missile Turret  
  51  5:10  SCV  
  51  5:11  Marine  
  51  5:13  Missile Turret  
  54  5:23  SCV  
  54  5:24  Marine, SCV  
  57  5:29  Marine  
  58  5:36  Starport Reactor  
  58  5:39  Command Center  
  58  5:40  SCV  
  58  5:42  Marine  
  60  5:44  Refinery  
  60  5:47  Marine  
  60  5:49  Terran Infantry Weapons Level 1  
  61  5:54  Barracks  
  61  5:59  Marine  
  62  6:10  SCV  
  62  6:44  Supply Depot  
  62  6:45  Supply Depot, Barracks Reactor  
  62  6:46  Barracks  
  62  6:50  Marine x2, Siege Tank, SCV x2  
  62  6:54  Barracks  
  75  7:00  Combat Shields  
  75  7:02  SCV x2  
  75  7:03  Medivac x2  
  75  7:08  Marine  
  77  7:11  Orbital Command  
  77  7:14  SCV, Command Center  
  77  7:24  Siege Tank  
  77  7:26  Marine  
  77  7:27  SCV  
  77  7:28  SCV  
  83  7:32  Supply Depot, Armory  
  83  7:33  Barracks Reactor  
  83  7:40  SCV x2  
  83  7:43  Marine  
  83  7:44  SCV  
  87  7:46  Liberator x2  
  87  7:52  SCV  
  87  7:53  Missile Turret  
  87  7:57  Barracks Reactor  
  87  7:58  Missile Turret  
  88  7:59  Barracks Reactor  
  88  8:01  Marine, Missile Turret  
  88  8:02  SCV x2  
  88  8:05  Siege Tank  
  100  8:10  Marine  
  101  8:21  Refinery  
  101  8:26  Marine x4, SCV x3  
  108  8:27  Refinery  
  108  8:28  Marine  
  108  8:33  Missile Turret  
  109  8:37  Marine x3  
  109  8:38  Marine, SCV  
  114  8:43  Marine  
  114  8:44  Reaper  
  116  8:51  Marine x2  
  116  8:52  Supply Depot  
  116  8:54  Supply Depot  
  118  8:56  Liberator x2  
  118  8:59  Supply Depot  
  118  9:09  Marine x5  
  123  9:14  Siege Tank  
  118  9:38  Marine x3  
  118  9:39  Marine x4  
  118  9:40  Marine  
  118  9:41  Marauder  
  128  9:45  Terran Infantry Weapons Level 2  
  128  9:50  Supply Depot, Engineering Bay  
  128  9:55  Liberator x2, Planetary Fortress  
  128  9:56  Marine x3  
  128  9:58  SCV x3  
  134  10:10  Supply Depot  
  134  10:11  Siege Tank  
  143  10:17  Starport  
  143  10:18  Starport  
  143  10:19  Marine x2  
  143  10:20  Marine x5  
  143  10:21  Marine  
  151  10:23  Terran Infantry Armor Level 1  
  151  10:24  Terran Ship Weapons Level 1  
  151  10:33  Marine  
  152  10:37  Marine x3  
  152  10:38  Marine x4  
  152  10:40  Concussive Shells  
  159  10:44  Supply Depot  
  159  10:47  Supply Depot  
  159  10:55  Marine x3, Liberator x2  
  162  10:57  Starport Reactor  
  162  10:59  Starport Reactor  
  162  11:02  Fusion Core  
  162  11:07  Marine x3  
  162  11:08  Marine x3  
  174  11:20  Marine x3  
  174  11:25  Marine x3  
  178  11:32  Marine x2  
  148  11:42  Marine x4  
  148  11:43  Marine  
  153  11:53  Marine x4  
  157  11:55  Siege Tank  
  157  12:00  Marine x2  
  162  12:02  Medivac x2  
  162  12:03  Medivac x2  
  162  12:04  Marine x3  
Show
View Real Time Build Order
Export as new Build Order

jolow Terran 

Build Orders:  

Get SALT Encoding   

  12  0:01  SCV  
  13  0:13  SCV  
  14  0:20  Supply Depot  
  14  0:25  SCV  
  15  0:41  SCV  
  15  0:42  Barracks  
  16  0:53  SCV  
  17  1:00  Barracks  
  17  1:05  SCV  
  17  1:10  Supply Depot  
  18  1:18  SCV  
  19  1:30  SCV  
  19  1:32  Marine  
  21  1:39  Barracks  
  21  1:46  SCV  
  22  1:50  Marine  
  22  1:52  Supply Depot  
  23  1:56  Marine  
  24  2:02  SCV  
  24  2:08  Marine  
  26  2:14  Marine  
  27  2:20  Command Center  
  27  2:26  Marine  
  27  2:28  Marine  
  29  2:33  Supply Depot  
  29  2:47  Marine x3  
  32  3:03  Orbital Command  
  32  3:05  Marine x2  
  33  3:09  Marine  
  33  3:12  Supply Depot  
  35  3:23  Marine x2  
  37  3:33  SCV x2  
  39  3:36  Marine  
  39  3:41  Marine x2  
  38  3:45  SCV  
  39  3:50  Orbital Command  
  39  3:54  Marine  
  40  3:58  Marine  
  40  3:59  Supply Depot, Marine  
  42  4:08  SCV  
  43  4:12  Marine  
  43  4:14  Barracks  
  43  4:16  Marine  
  45  4:18  SCV  
  45  4:20  SCV  
  47  4:30  Refinery, SCV  
  48  4:43  Command Center  
  48  4:48  SCV x2  
  48  4:49  Marine x3  
  53  4:58  Supply Depot  
  53  5:00  SCV  
  53  5:06  Marine  
  55  5:07  Marine x3  
  55  5:10  SCV  
  55  5:12  SCV  
  60  5:22  SCV  
  60  5:23  Marine  
  60  5:24  SCV  
  60  5:27  Marine x3  
  66  5:41  Marine  
  66  5:42  SCV x2  
  68  5:54  SCV  
  51  5:57  Orbital Command  
  69  5:59  SCV  
  69  6:00  Marine x4  
  74  6:06  SCV  
  74  6:09  Barracks  
  74  6:10  Barracks  
  74  6:11  SCV  
  76  6:18  Marine x2  
  77  6:30  SCV x2  
  77  6:31  SCV  
  80  6:35  Barracks Tech Lab  
  80  6:37  Barracks Tech Lab  
  80  6:39  Marine x2  
  82  6:46  SCV x2  
  82  6:47  SCV  
  85  6:57  Marine x2  
  85  7:00  Marine x4  
  91  7:03  Stimpack  
  91  7:04  Combat Shields  
  91  7:12  Supply Depot  
  91  7:13  Supply Depot  
  91  7:14  Supply Depot  
  91  7:15  Marine x2  
  93  7:18  Marine x4  
  97  7:24  Barracks x2  
  97  7:27  Barracks  
  97  7:32  Marine  
  97  7:33  Marine  
  97  7:36  Marine x4  
  97  7:37  SCV x3  
  105  7:50  Supply Depot, Marine x2  
  107  7:52  Supply Depot  
  107  7:53  Marine  
  107  7:54  Marauder, Marine  
  107  7:55  Supply Depot  
  107  7:56  SCV x2  
  107  7:57  SCV  
  114  7:59  Supply Depot  
  114  8:01  Marine  
  115  8:08  Marine x2, SCV x2  
  115  8:09  Supply Depot, SCV  
  115  8:11  Marine x2  
  122  8:20  Barracks, SCV  
  122  8:22  Marine x2  
  122  8:23  Marine x3  
  122  8:26  Marine x2, SCV x2  
  132  8:29  Marine x2  
  132  8:32  SCV  
  135  8:38  SCV  
  135  8:40  Marine x3  
  135  8:41  Marine  
  140  8:43  Supply Depot x3  
  140  8:46  Marine x2  
  140  8:47  Marine x2, Command Center  
  140  8:48  Marine  
  145  8:59  Marine x2  
  145  9:00  Marine x2  
  149  9:04  Marine x3  
  149  9:05  Marine x2  
  154  9:17  Marine  
  143  9:36  Reaper x2  
  143  9:37  SCV x3  
  143  9:39  Marine  
  143  9:40  Marine x7  
  151  9:49  SCV x2  
  153  9:57  Marine  
  153  9:58  Marine x7  
  161  10:08  Marine x2  
  163  10:15  Reaper, Marine x3, SCV x4  
  163  10:16  Marine  
  172  10:26  Reaper x5  
  172  10:27  SCV  
  178  10:31  SCV x2  
  178  10:32  SCV  
  178  10:33  Marine x4  
  185  10:39  SCV  
  186  10:43  SCV  
  186  10:47  Marine  
  188  10:57  Marine x5  
  188  10:58  Marine  
  194  11:13  Marine x4  
  194  11:14  Marine  
  194  11:15  Marine  
  200  11:31  Marine x4  
  200  11:32  Marine x2  
  77  11:48  Marine  
  77  11:49  Marine x2  
  80  11:55  Marine  
  80  11:56  Marine x6  
  87  12:06  Marine  
  87  12:07  Marine x2  
  90  12:13  Marine x3  
  90  12:14  Marine x4  
Tags
 
Composition
MMM Bio
League
GoldGold
Matchup
TvT
Race
Terran
Add a new tag
Caveats
  • Supply blocks, unpowered buildings, or Contaminate may cause inaccurate times.
  • Supply counts are checked every 10 seconds.